 Dungeon Crawl Stone Soup version 0.30-a0-989-g0d87f670db (webtiles) character file.

Game seed: 11233691157703230019

100 Mickster the Trooper (level 4, -6/41 HPs)
             Began as a Hill Orc Berserker on Apr 2, 2023.
             Was a Follower of Trog.
             Mangled by an iguana (10 damage)
             ... on level 4 of the Dungeon.
             The game lasted 00:23:25 (2670 turns).

Mickster the Trooper (Hill Orc Berserker)           Turns: 2670, Time: 00:23:28

Health: -6/41      AC: 15    Str: 18 (21) XL:     4   Next: 73%
Magic:  4/4        EV:  5    Int:  4 (7)  God:    Trog [*.....]
Gold:   173        SH:  0    Dex:  8 (10) Spells: 3/3 levels left

rFire   + . .      SeeInvis .    e - +0 long sword (spect)
rCold   x . .      Faith    .    (no shield)
rNeg    . . .      Spirit   .    b - +0 plate armour
rPois   +          Reflect  .    (no helmet)
rElec   .          Rampage  .    n - +1 cloak {rPois}
rCorr   +                        d - +1 pair of gloves
Will    .....                    (no boots) Stlth
                                 j - amulet of regeneration
HPRegen 1.06/turn                f - ring of resist corrosion
MPRegen 0.09/turn                h - ring of fire

@: on berserk cooldown, slowed, very slow
A: no striking features
a: Renounce Religion, Berserk


You were on level 4 of the Dungeon.
You worshipped Trog.
Trog was aware of your devotion.
You visited 1 branch of the dungeon, and saw 4 of its levels.

You collected 173 gold pieces.

Inventory:

Hand Weapons
 a - a +0 hand axe
 e - a +0 spectral long sword (weapon)
 k - a +1 dagger of venom
 l - a +0 dagger of electrocution
 m - a +2 quarterstaff of chaos
Missiles
 i - 26 stones
 o - 2 boomerangs (quivered)
Armour
 b - a +0 plate armour (worn)
 d - a +1 pair of gloves (worn)
 n - a +1 cloak of poison resistance (worn)
Jewellery
 f - a ring of resist corrosion (left hand)
 h - a ring of fire (right hand)
 j - an amulet of regeneration (around neck)
 p - an amulet of reflection
Scrolls
 g - a scroll of silence


   Skills:
 + Level 4.4 Fighting
 * Level 2.8 Long Blades
 - Level 4.3 Axes
 + Level 2.8 Armour
 + Level 1.9 Dodging


You had 3 spell levels left.
You didn't know any spells.
Your spell library was empty.

Dungeon Overview and Level Annotations

Branches:
Dungeon (4/15)
 Temple: D:4-7

Altars:
Sif Muna

Annotations:
D:4 Pikel


Message History

You barely miss the lemure.
You are no longer berserk.
You are exhausted.
You feel yourself slow down. The lemure hits you.
* * * LOW HITPOINT WARNING * * *
The iguana bites you but does no damage.
The lemure hits you but does no damage.
Pikel hits you with a +2 whip of electrocution.
* * * LOW HITPOINT WARNING * * *
You feel much better. The lemure hits you but does no damage.
The iguana bites you but does no damage.
Pikel hits you with a +2 whip of electrocution!
The lemure hits you but does no damage.
Okay, then.
You closely miss the lemure. The lemure hits you but does no damage.
Pikel hits you but does no damage. The lemure hits you but does no damage.
The iguana bites you but does no damage.
The lemure barely misses you. The iguana barely misses you.
The lemure barely misses you. Pikel hits you but does no damage.
You are electrocuted!
* * * LOW HITPOINT WARNING * * *
You hit the lemure.
The lemure is lightly wounded.
The lemure hits you but does no damage. Pikel hits you but does no damage.
The lemure completely misses you.
The iguana bites you but does no damage.
The lemure hits you but does no damage.
The iguana bites you but does no damage.
Pikel cracks his whip.
Pikel hits you with a +2 whip of electrocution.
* * * LOW HITPOINT WARNING * * *
The lemure hits you but does no damage.
Unknown command.
You closely miss the lemure.
The lemure is lightly wounded.
The lemure hits you but does no damage.
Pikel hits you with a +2 whip of electrocution!
* * * LOW HITPOINT WARNING * * *
The lemure hits you but does no damage. The iguana bites you!
You die...

#.................
#..#.#.#.#.#.#.....
..................
...#.#.#.#.#.#...#
............##...#
#+.#.#.#.#......
................
........+...#####
........#5@l#
..#######5K...... .
#f..?.... .........
...##.... ##..#
.... #..# ... ....
..


You could see Pikel, 2 lemures, a sleepcap and an iguana.

Vanquished Creatures
  2 lemures (D:4)
  Crazy Yiuf (D:2)
  2 adders
  3 worms
  A dart slug (D:4)
  An orc (D:3)
  6 ball pythons
  2 bats (D:2)
  3 endoplasms (D:1)
  2 giant cockroaches
  4 goblins
  3 hobgoblins
  4 jackals (D:1)
  4 kobolds
  A quokka (D:2)
  4 frilled lizards
  2 rats
45 creatures vanquished.

Notes
Turn   | Place    | Note
-------+----------+-------------------------------------------
     0 | D:1      | Mickster the Hill Orc Berserker began the quest for the
                  | Orb.
     0 | D:1      | Reached XP level 1. HP: 19/19 MP: 1/1
    59 | D:1      | Reached XP level 2. HP: 3/27 MP: 2/2
   991 | D:1      | Reached XP level 3. HP: 33/33 MP: 3/3
  1111 | D:2      | Reached skill level 1 in Long Blades
  1635 | D:2      | Found a runed translucent door.
  1636 | D:2      | Noticed Crazy Yiuf
  1647 | D:2      | Killed Crazy Yiuf
  1648 | D:2      | Reached XP level 4. HP: 28/41 MP: 4/4
  2211 | D:3      | Found a faded altar of an unknown god.
  2216 | D:3      | Found a shimmering blue altar of Sif Muna.
  2643 | D:4      | Noticed a lemure
  2643 | D:4      | Noticed Pikel
  2644 | D:4      | Noticed a lemure
  2644 | D:4      | Noticed a lemure
  2644 | D:4      | Noticed a lemure
  2653 | D:4      | Killed a lemure
  2657 | D:4      | Killed a lemure
  2670 | D:4      | Mangled by an iguana

Illustrated notes

Levels and vault maps discovered:
D:1:      minmay_arrival_checkered_box, layout_loops_cross, grunt_decor_fettered
D:2:      layout_rooms, nicolae_elevator_lobby_asterisk, uniq_crazy_yiuf_cottage
D:3:      layout_rooms, nicolae_overflow_ecumenical_swirl,
          lightli_corner_chamber
D:4:      layout_gridville, hex_medium, uniq_pikel, uniq_sigmund

Skill      XL: |  1  2  3 |
---------------+----------+-----
Fighting       | 4 |  4.4
Long Blades    | 2 |  2.8
Axes           | |  4.3
Armour         | |  2.8
Dodging        | |  1.9

Action                     |  1- 3 |  4- 6 || total
---------------------------+-------+-------++-------
  Melee: Hand axe          |    21 |       ||    21
         Long sword        |    47 |    50 ||    97
 Invoke: Berserk           |     3 |     1 ||     4
    Use: Scroll            |     5 |     2 ||     7
         Potion            |     2 |     4 ||     6
   Stab: Distracted        |       |     1 ||     1
 Armour: Leather armour    |     5 |       ||     5
         Plate armour      |    52 |    70 ||   122
  Dodge: Dodged            |    41 |    19 ||    60
  Block: Other             |       |     1 ||     1
         Reflection        |       |     1 ||     1

Table legend: (Time is in decaauts)
 A = Elapsed time spent in this place.
 B = Non-inter-level travel time spent in this place.
 C = Inter-level travel time spent in this place.
 D = Time resting spent in this place.
 E = Time spent auto-exploring this place.
 F = Levels seen in this place.
 G = Mean time per level.
                   A        B        C        D        E       F      G
               +--------+--------+--------+--------+--------+-----+--------+
         Total |   2723 |   2487 |    236 |    874 |      0 |   4 |  680.8 |
       Dungeon |   2723 |   2487 |    236 |    874 |      0 |   4 |  680.8 |
               +--------+--------+--------+--------+--------+-----+--------+

Top non-repeatable levels by time:
     D:1: 1114 daAuts
     D:2: 1020 daAuts
     D:3: 468 daAuts
     D:4: 119 daAuts
